 Dungeon Crawl Stone Soup version bcrawl-1.12-10-g10a67aac0f (webtiles) character file.

Game seed: 8579533941618815628

63 MisterOstroum the Skirmisher (level 3, 0/37 HPs)
             Began as a Troll Chaos Knight on June 11, 2019.
             Was a Plaything of Xom.
             Succumbed to a worker ant's poison
             ... on level 2 of the Dungeon.
             The game lasted 00:03:53 (962 turns).

MisterOstroum the Skirmisher (Troll Chaos Knight)    Turns: 962, Time: 00:03:53

Health: 0/37       AC:  5    Str: 21    XL:     3   Next: 87%
Magic:  2/2        EV: 10    Int:  9    God:    Xom [..*...]
Gold:   108        SH:  0    Dex:  9    Spells: 2/2 levels left

rFire    . . .     SeeInvis .     - Unarmed
rCold    . . .     Gourm    +   (no shield)
rNeg     . . .     Faith    .   (armour unavailable)
rPois    .         Spirit   .   (helmet restricted)
rElec    .         Reflect  .   (no cloak)
rCorr    .         Harm     .   (gloves unavailable)
MR       .....                  (boots unavailable)
Stlth    +.........             c - amulet of rage
HPRegen  0.12/turn              (no ring)
MPRegen  0.08/turn              (no ring)

@: lethally poisoned (0 -> -5), berserk cooldown
A: large, almost no armour, unfitting armour, claws 3, fast metabolism 3,
gourmand, AC +5
a: Renounce Religion, Evoke Berserk Rage


You were on level 2 of the Dungeon.
You worshipped Xom.
You were a toy of Xom.
You were completely stuffed.

You visited 1 branch of the dungeon, and saw 2 of its levels.

You collected 108 gold pieces.

Inventory:

Hand Weapons
 a - a +0 mace of chaos
 d - a +1 spear of venom
Missiles
 b - 679 stones (quivered)
Armour
 f - a +0 shield
Jewellery
 c - an amulet of rage (around neck)
Scrolls
 g - 2 scrolls of identify {unknown}
 l - a scroll of remove curse {unknown}
Potions
 i - a potion of haste {@q4 !q}
Comestibles
 e - 2 rations {!d}
 k - 7 chunks of flesh


   Skills:
 + Level 3.2 Fighting
 - Level 3.0 Maces & Flails
 - Level 1.9 Dodging
 + Level 2.2 Unarmed Combat
 * Level 0.6 Evocations


You had 2 spell levels left.
You didn't know any spells.
Your spell library contained the following spells:

 Spells                   Type           Power        Failure   Level  Hunger
 Confuse                  Hex            #.......     77%         3    ####...
 Dazzling Spray           Conj/Hex       #.....       77%         3    ####...
 Petrify                  Tmut/Erth      #.......     99%         4    #####..
 Yara's Violent Unravell  Hex/Tmut       #.........   99%         4    #####..
 Metabolic Englaciation   Hex/Ice        #.........   100%        5    ######.


Dungeon Overview and Level Annotations

Branches:
Dungeon (2/12)

Altars:


Innate Abilities, Weirdness & Mutations

You cannot wear most types of armour.
Your thick skin is tough. (AC +5)
You are too large for most types of armour.
You have claws for hands.
Your metabolism is lightning-fast.
You like to eat raw meat.


Message History

No target in view!
No target in view!
No target in view!
No target in view!
No target in view!
No target in view!
No target in view!
No target in view!
No target in view!
No target in view!
Things that are here:
a +0 club; a frilled lizard corpse; a hobgoblin corpse Butcher a frilled lizard corpse? [(y)es/(n)o/(a)ll/(q)uit/?]
You butcher the frilled lizard corpse.
You butcher the hobgoblin corpse.
k - 5 chunks of flesh (gained 1);
k - 7 chunks of flesh (gained 2)
Things that are here:
a +0 club; a frilled lizard skeleton; a hobgoblin skeleton A worker ant comes into view.
The worker ant twitches its antennae in your direction.
Unknown command.
Found a plate armour.
You closely miss the worker ant. The worker ant bites you.
You are poisoned.
The worker ant poisons you!
You closely miss the worker ant.
You feel sick. The worker ant bites you.
You are more poisoned.
The worker ant poisons you!
You are too injured to fight recklessly!
You are too injured to fight recklessly!
You are too injured to fight recklessly!
You are too injured to fight recklessly!
You are too injured to fight recklessly!
You are too injured to fight recklessly!
You are too injured to fight recklessly!
You are too injured to fight recklessly!
You are too injured to fight recklessly!
You are too injured to fight recklessly!
You are too injured to fight recklessly!
You are too injured to fight recklessly!
You are too injured to fight recklessly!
You are too injured to fight recklessly!
You are too injured to fight recklessly!
You are too injured to fight recklessly!
Okay, then.
It was a potion of haste.
You feel yourself speed up.
You feel sick. The worker ant bites you.
You are lethally poisoned!
The worker ant poisons you!
It was a potion of brilliance.
You feel clever all of a sudden.
Xom thinks this is hilarious!
You feel sick. The worker ant closely misses you.
It was a potion of berserk rage.
A red film seems to cover your vision as you go berserk!
You feel yourself moving faster!
You feel mighty!
You feel sick. The worker ant closely misses you.
You completely miss the worker ant.
You feel sick. The worker ant closely misses you.
You mangle the worker ant!!
You kill the worker ant!
You feel sick.
You are too berserk!
You start resting.
You feel a strong urge to attack something.
You feel sick.
You start resting.
You feel sick.
You feel your anger nearly subside.
You are no longer berserk.
You are exhausted.
You feel yourself slow down.
It was a potion of cancellation.
Your magical effects are unravelling.
You feel magically purged.
You feel yourself speed up.
You feel yourself slow down.
You feel a little less clever now.
* * * LOW HITPOINT WARNING * * *
You feel sick.
* * * LOW HITPOINT WARNING * * *
You feel sick.
* * * LOW HITPOINT WARNING * * *
You feel sick.
* * * LOW HITPOINT WARNING * * *
You feel sick.
* * * LOW HITPOINT WARNING * * *
You feel sick.
* * * LOW HITPOINT WARNING * * *
You feel sick.
* * * LOW HITPOINT WARNING * * *
You feel sick.
You see here a plate armour.
* * * LOW HITPOINT WARNING * * *
You feel sick.
* * * LOW HITPOINT WARNING * * *
You feel sick.
* * * LOW HITPOINT WARNING * * *
You feel sick.
* * * LOW HITPOINT WARNING * * *
You feel sick.
You die...
Xom thinks this is hilarious!

#...#
+...#.....#
#####
.#...#.....#
...........#
...####[...#
. #.#### #.#
#.####
#....#
####@# #.#
..# ####


There were no monsters in sight!

Vanquished Creatures
  A worker ant (D:2)
  A dart slug (D:1)
  3 leopard geckos (D:1)
  A giant cockroach (D:1)
  6 goblins
  3 hobgoblins
  5 jackals
  A bat (D:1)
  6 frilled lizards
  3 kobolds (D:1)
  4 rats
34 creatures vanquished.

Notes
Turn   | Place    | Note
-------+----------+-------------------------------------------
     0 | D:1      | MisterOstroum the Troll Chaos Knight began the quest for
                  | the Orb.
     0 | D:1      | Reached XP level 1. HP: 22/22 MP: 0/0
   101 | D:1      | XOM: silly message
   131 | D:1      | Reached skill level 1 in Unarmed Combat
   131 | D:1      | Reached XP level 2. HP: 27/29 MP: 1/1
   543 | D:1      | XOM: divination: detect items
   576 | D:1      | Reached XP level 3. HP: 24/37 MP: 2/2
   958 | D:2      | HP: 1/37 [poisoned by a worker ant]
   962 | D:2      | Succumbed to a worker ant's poison

Skill      XL: |  1  2  3 |
---------------+----------+-----
Unarmed Combat | 1 2 |  2.2
Fighting       | 3 |  3.2
Maces & Flails | |  3.0
Dodging        | |  1.9
Evocations     | |  0.6

Action                   || total
-------------------------++-------
Melee: Unarmed           ||    73
       Mace              ||     8
  Use: Potion            ||     4
  Eat: Chunk             ||    11
Armor: Skin              ||    28
Dodge: Dodged            ||    49
